 Seeded DCSS version 0.30-a0-739-gea05faddec (webtiles) character file.

Game seed: 5430720872467839093 (custom seed)

120 hbarley the Chopper (level 5, 0/46 HPs)
             Began as a Hill Orc Fighter on Feb 4, 2023.
             Slain by a gnoll
             ... wielding a +0 whip
              (3 damage)
             ... on level 2 of the Dungeon.
             The game lasted 00:02:08 (1445 turns).

hbarley the Chopper (Hill Orc Fighter)              Turns: 1445, Time: 00:02:09

Health: 0/46       AC:  7    Str: 25    XL:     5   Next: 4%
Magic:  5/5        EV:  9    Int:  8    God:
Gold:   69         SH:  4    Dex: 12    Spells: 4/4 levels left

rFire   . . .      SeeInvis .    a - +0 war axe
rCold   . . .      Faith    .    c - +0 buckler
rNeg    . . .      Spirit   .    b - +0 scale mail
rPois   .          Reflect  .    (no helmet)
rElec   .          Harm     .    (no cloak)
rCorr   .          Rampage  .    (no gloves)
Will    .....                    (no boots) Stlth
                                 (no amulet)
HPRegen 0.27/turn                m - +6 ring of strength
MPRegen 0.09/turn                (no ring)

@: no status effects
A: no striking features
a: no special abilities


You were on level 2 of the Dungeon.
You visited 1 branch of the dungeon, and saw 2 of its levels.

You collected 69 gold pieces.

Inventory:

Hand Weapons
 a - a +0 war axe (weapon)
Armour
 b - a +0 scale mail (worn)
 c - a +0 buckler (worn)
Jewellery
 m - a +6 ring of strength (left hand)
 s - a ring of protection from cold
Scrolls
 f - a scroll of teleportation {unknown}
 h - 3 scrolls of amnesia {unknown}
 j - a scroll of noise {unknown}
 k - a scroll of identify {unknown}
 l - a scroll of torment {unknown}
 n - a scroll of brand weapon {unknown}
 o - 4 scrolls of acquirement {unknown}
 p - a scroll of enchant armour {unknown}
 q - a scroll of fog {unknown}
 r - a scroll of immolation {unknown}
Potions
 d - a potion of might
 e - a potion of mutation {unknown}
 g - a potion of attraction {unknown}
 i - 2 potions of curing {unknown}


   Skills:
 + Level 4.1 Fighting
 + Level 4.6 Axes
 + Level 4.1 Armour
 + Level 0.7 Dodging
 + Level 0.2 Stealth
 + Level 3.7 Shields


You had 4 spell levels left.
You didn't know any spells.
Your spell library was empty.

Dungeon Overview and Level Annotations

Branches:
Dungeon (2/15)

Altars:


Message History

The gnoll attacks as you move away! The gnoll hits you but does no damage.
The gnoll hits you with a +0 whip.
You slash the gnoll!
The gnoll is almost dead.
You hit the gnoll but do no damage. You hit the gnoll.
The gnoll hits you with a +0 whip. The gnoll closely misses you.
The gnoll hits you with a +0 club!
You closely miss the gnoll.
The gnoll is almost dead.
You closely miss the gnoll. You hit the gnoll.
The gnoll hits you but does no damage. The gnoll closely misses you.
You block the gnoll's attack. x2; The gnoll hits you with a +0 flail.
The gnoll hits you with a +0 club.
You slash the gnoll!
You kill the gnoll!
You barely miss the gnoll. x2; You block the gnoll's attack. x2
The gnoll barely misses you. The gnoll hits you with a +0 club.
You see here a +0 flail.
The gnoll attacks as you move away! The gnoll hits you with a +0 whip.
* * * LOW HITPOINT WARNING * * *
The gnoll attacks as you move away! You block the gnoll's attack.
You slash the gnoll!
You kill the gnoll!
You hit the gnoll but do no damage. The gnoll hits you but does no damage.
You have reached level 5!
You feel stronger.
You hit the gnoll.
The gnoll is lightly wounded.
The gnoll hits you with a +0 whip.
* * * LOW HITPOINT WARNING * * *
You barely miss the gnoll.
The gnoll is lightly wounded.
The gnoll hits you with a +0 whip.
* * * LOW HITPOINT WARNING * * *
The gnoll hits you with a +0 whip.
* * * LOW HITPOINT WARNING * * *
You closely miss the gnoll.
The gnoll is lightly wounded.
The gnoll hits you with a +0 whip.
You die...

############ #.<........#
#.########.# #####
#.########.######
....##.#..............###
#....###.#..............
#..#..#@.#.####.####.###
#.....g)...# #.# #....
...##.....### #.# #.### .
##........ ..# #.#
########### ### #.# ..#
#.# ####.# #.# .
#....#### #.# #.#.##....#
#.#


You could see a gnoll.

Vanquished Creatures
  A necrophage (D:2)
  2 gnolls (D:2)
  An adder (D:2)
  3 bats
  5 endoplasms
  2 hobgoblins
  4 jackals (D:1)
  5 kobolds
  2 quokkas (D:1)
  2 ball pythons (D:1)
  A frilled lizard (D:2)
  4 goblins
  A rat (D:1)
33 creatures vanquished.

Notes
Turn   | Place    | Note
-------+----------+-------------------------------------------
     0 | D:1      | hbarley the Hill Orc Fighter began the quest for the Orb.
     0 | D:1      | Reached XP level 1. HP: 19/19 MP: 1/1
   101 | D:1      | Reached XP level 2. HP: 27/27 MP: 2/2
   862 | D:1      | Reached XP level 3. HP: 33/33 MP: 3/3
  1295 | D:2      | Noticed a necrophage
  1300 | D:2      | Killed a necrophage
  1301 | D:2      | Reached XP level 4. HP: 31/40 MP: 4/4
  1443 | D:2      | Reached XP level 5. HP: 13/46 MP: 5/5
  1444 | D:2      | HP: 2/46 [gnoll/+0 whip (3)]
  1445 | D:2      | Slain by a gnoll

Illustrated notes

Levels and vault maps discovered:
D:1:      dpeg_arrival_boxes_within_box, layout_basic
D:2:      layout_loops_ring, serial_shops, shop, nicolae_kite_square_tiling_tiny

Skill      XL: |  1  2  3 |
---------------+----------+-----
Axes           | 3 4 |  4.6
Fighting       | 4 |  4.1
Armour         | 4 |  4.1
Dodging        | |  0.7
Stealth        | |  0.2
Shields        | |  3.7

Action                     |  1- 3 |  4- 6 || total
---------------------------+-------+-------++-------
  Melee: War axe           |    58 |     9 ||    67
 Armour: Scale mail        |    38 |     4 ||    42
  Dodge: Dodged            |    19 |     3 ||    22
  Block: Buckler           |    12 |     6 ||    18

Table legend: (Time is in decaauts)
 A = Elapsed time spent in this place.
 B = Non-inter-level travel time spent in this place.
 C = Inter-level travel time spent in this place.
 D = Time resting spent in this place.
 E = Time spent auto-exploring this place.
 F = Levels seen in this place.
 G = Mean time per level.
                   A        B        C        D        E       F      G
               +--------+--------+--------+--------+--------+-----+--------+
         Total |   1468 |   1331 |    137 |      0 |   1109 |   2 |  734.0 |
       Dungeon |   1468 |   1331 |    137 |      0 |   1109 |   2 |  734.0 |
               +--------+--------+--------+--------+--------+-----+--------+

Top non-repeatable levels by time:
     D:1: 1052 daAuts
     D:2: 416 daAuts
